 Dungeon Crawl Stone Soup version 0.22-a0-348-gd16d139 (webtiles) character file.

26432 Amnesiac the Prestidigitator (level 12, -12/65 HPs)
             Began as a Spriggan Berserker on Apr 11, 2018.
             Was a High Priest of Trog.
             Mangled by an orc warlord
             ... wielding a +3 long sword of slicing
              (30 damage)
             ... on level 2 of the Orcish Mines.
             The game lasted 00:42:47 (18500 turns).

Amnesiac the Prestidigitator (Spriggan Berserker)  Turns: 18500, Time: 00:42:48

Health: -12/65     AC:  4    Str: 17    XL:     12   Next: 98%
Magic:  0/22       EV: 25    Int:  8    God:    Trog [*****.]
Gold:   1590       SH:  8    Dex: 17    Spells: 11/11 levels left

rFire    . . .     SeeInvis +   a - +3 dagger (venom)
rCold    . . .     Gourm    .   o - +0 buckler
rNeg     . . .     Faith    .   V - +0 troll leather armour
rPois    .         Spirit   +   (helmet restricted)
rElec    .         Reflect  .   E - scarf {Spirit}
rCorr    .         Harm     .   (gloves unavailable)
MR       ++...                  (boots unavailable)
Stlth    +++++.....             (no amulet)
HPRegen  0.60/turn              M - +1 ring of slaying
MPRegen  0.18/turn              S - ring of stealth

@: very quick
A: very small, unfitting armour, see invisible, herbivore, speed 3, slow
metabolism 2
a: Berserk, Trog's Hand, Brothers in Arms, Renounce Religion


You were on level 2 of the Orcish Mines.
You worshipped Trog.
Trog was extremely pleased with you.
You were not hungry.

You visited 2 branches of the dungeon, and saw 15 of its levels.

You collected 1590 gold pieces.

Inventory:

Hand Weapons
 a - a +3 dagger of venom (weapon)
 b - a +1 hunting sling
 R - a +6 short sword of speed
Missiles
 g - 25 poisoned needles
 h - 318 stones
 p - 8 tomahawks of dispersal
 v - a throwing net
 w - 6 curare-tipped needles
 y - 11 needles of sleeping
 F - 4 needles of confusion
 G - 31 tomahawks
 I - 4 tomahawks of returning
 P - 54 sling bullets
 W - 6 poisoned tomahawks (quivered)
Armour
 o - a +0 buckler (worn)
 E - a scarf of spirit shield (worn)
 O - a +2 robe of resistance
 V - a +0 troll leather armour (worn)
Jewellery
 t - an uncursed ring of protection from cold
 M - a +1 ring of slaying (left hand)
 S - a ring of stealth (right hand)
 X - a +4 ring of dexterity
Wands
 D - a wand of flame (13)
 H - a wand of digging (11)
 L - a wand of enslavement (7)
 Z - a wand of polymorph (14)
Scrolls
 d - 8 scrolls of remove curse {!r}
 e - a scroll of acquirement {!r}
 i - a scroll of blinking {!r}
 j - 4 scrolls of enchant weapon {!r}
 k - a scroll of summoning {!r}
 q - 4 scrolls of teleportation {!r}
 r - 4 scrolls of fear {!r}
 s - 3 scrolls of enchant armour {!r}
 x - a scroll of vulnerability {!r}
 J - 2 scrolls of fog {!r}
 K - a scroll of magic mapping {!r}
Potions
 f - 3 potions of curing {!q}
 l - a potion of mutation {!q}
 m - 4 potions of lignification {!q}
 n - 4 potions of haste {!q}
 u - a potion of cancellation {!q}
 z - 4 potions of might {!q}
 A - a potion of resistance {!q}
 B - 2 potions of heal wounds {!q}
 C - a potion of flight {!q}
 N - a potion of invisibility {!q}
 Q - a potion of ambrosia {!q}
Miscellaneous
 U - a phial of floods
Comestibles
 c - 17 rations


   Skills:
 * Level 8.3 Fighting
 - Level 8.0 Short Blades
 + Level 10.4 Throwing
 + Level 10.4 Dodging
 - Level 8.0 Stealth
 - Level 7.5 Shields
 + Level 12.1 Evocations


You had 11 spell levels left.
You didn't know any spells.

Dungeon Overview and Level Annotations

Branches:
Dungeon (13/15)            Temple (0/1) D:6            Lair (0/6) D:9
    Orc (2/2) D:11            Elf (0/3) Orc:2
 Vaults: D:13-14

Altars:
Ashenzari
Makhleb
Nemelex Xobeh
Okawaru
Qazlal
Uskayaw
Beogh

Shops:
D:5 [   D:6 }   D:8 [   Orc:2 [


Innate Abilities, Weirdness & Mutations

You are very small and have problems with some larger weapons.
You are too small for most types of armour.
You have supernaturally acute eyesight. (SInv)
You are a herbivore.
You cover ground extremely quickly.
You need to consume almost no food.


Message History

The orc warrior is lightly wounded.
You hit the orc warrior.
The orc warrior looks as sick as possible!
The orc warrior is lightly wounded.
The orc warrior no longer looks unusually strong.
The orc warrior barely misses you.
The orc warrior throws a tomahawk.
The tomahawk misses you.
You swing at nothing.
The orc no longer looks unusually strong.
You swing at nothing.
The orc warrior no longer looks unusually strong.
The orc warrior throws a tomahawk.
The tomahawk misses you.
You swing at nothing.
The orc warlord roars a battlecry!
The orcs go into a battle-frenzy!
You swing at nothing.
The orc warrior throws a tomahawk.
You block the tomahawk.
You barely miss the orc warlord.
The orc warlord is moderately wounded.
You hit the orc warlord but do no damage.
The orc warlord is moderately wounded.
You closely miss the orc warlord.
The orc warlord is moderately wounded.
The orc warlord completely misses you.
You hit the orc warlord.
The orc warlord is moderately wounded.
You hit the orc warlord.
The orc warlord is moderately wounded.
You barely miss the orc warlord.
The orc warlord is moderately wounded.
You kill the orc warrior!
Trog accepts your kill.
You hit the orc warlord.
The orc warlord is moderately wounded.
The orc warlord hits you with a long sword of slicing!!
* * * LOW HITPOINT WARNING * * *
x2 The orc warlord looks more healthy.
The orc warrior no longer looks unusually strong.
You barely miss the orc warrior. You hit the orc warrior.
The orc warrior is poisoned.
The orc warrior is lightly wounded.
The orc warrior misses you.
Things that are here:
a falchion; an orc skeleton You hit the orc.
The orc is poisoned.
The orc is moderately wounded.
The orc warlord roars a battlecry!
You closely miss the orc warrior.
The orc warrior is moderately wounded.
The orc no longer looks unusually strong.
The orc warrior hits you with a flail!
* * * LOW HITPOINT WARNING * * *
The orc warlord roars a battlecry!
The orc goes into a battle-frenzy!
Things that are here:
a short sword; 3 tomahawks; a chain mail You kill the orc!
Trog accepts your kill.
Things that are here:
a short sword; 3 tomahawks; a chain mail You swing at nothing.
You hit the orc but do no damage.
The orc is poisoned.
The orc warlord hits you with a long sword of slicing!!!
You die...

........#.._..#.........#..# #.
.#......#.....'............# #.
........##...##.#.....)....+ #.
.........#####..##....#....#####
................#...(#..........
..............................#
....#.##.........)o...#...#.###
.....####........o...........#
......##.#......@o##########.....
............#..(### #.#..
....#.##.......## ....
....####....#..# . ####...
...######.###.## ###'##8.#...
.[)[)[.....#..# ........'.8.
.#########.##.# .8...o..o)..
.#...#..##.##.# .o...o.O'o8o
[#[8.'...#.##o## ###'##8)#o..


You could see an orc warlord, an orc warrior and an orc.

Vanquished Creatures
  The ghost of Nib the Unseen, a journeyman OpAs of Okawaru (Orc:2)
  Nessos (D:13)
  An ogre mage (D:13)
  6 two-headed ogres
  An orc high priest (Orc:2)
  The ghost of Curus the Grappler, a novice TrBe of Trog (D:8)
  An unseen horror (D:11)
  A deep elf archer (D:13)
  An ugly thing (D:11)
  An orc sorcerer (Orc:1)
  A gargoyle (D:11)
  Joseph (D:7)
  2 centaur skeletons
  2 trolls
  A polar bear (shapeshifter) (D:13)
  The ghost of whitenoisemaker the Conjurer, an amateur DrCj of Elyvilon (D:6)
  Grinder (D:5)
  4 hippogriffs
  Sigmund (D:4)
  A wyvern (D:9)
  A wraith (D:11)
  23 yaks
  A hungry ghost (D:11)
  8 wargs
  Duvessa (D:6)
  21 orc warriors
  3 ice beasts
  2 sky beasts
  5 phantoms
  A necrophage (D:8)
  10 ogres
  10 centaurs
  A crocodile (D:13)
  3 big kobolds
  5 bullfrogs
  2 scorpions
  Dowan (D:6)
  3 jellies (D:7)
  13 killer bees
  8 wights
  2 howler monkeys
  2 crimson imps
  3 bullfrog zombies
  2 centaur zombies
  4 hounds
  A gnoll shaman (D:6)
  13 orc priests
  21 orc wizards
  4 iguanas
  3 bullfrog skeletons
  4 worker ants
  A hound skeleton (D:8)
  15 gnolls
  20 adders
  4 shadow imps
  3 oozes
  An adder zombie (D:9)
  A worm (D:5)
  5 dart slugs
  7 leopard geckos
  75 orcs
  6 bats
  8 giant cockroaches
  13 goblins
  6 hobgoblins
  7 jackals
  5 quokkas
  5 ball pythons
  A ball python zombie (D:5)
  3 frilled lizards
  A giant cockroach zombie (D:2)
  3 jackal zombies
  21 kobolds
  6 rats
428 creatures vanquished.

Vanquished Creatures (collateral kills)
  A manticore (D:12)
  An ogre (D:13)
2 creatures vanquished.

Vanquished Creatures (others)
  An orc (Orc:1)
1 creature vanquished.

Grand Total: 431 creatures vanquished

Notes
Turn   | Place    | Note
-------+----------+-------------------------------------------
     0 | D:1      | Amnesiac the Spriggan Berserker began the quest for the Orb.
     0 | D:1      | Reached XP level 1. HP: 11/11 MP: 2/2
    92 | D:1      | Reached skill level 1 in Stealth
   173 | D:1      | Reached XP level 2. HP: 16/16 MP: 3/3
   837 | D:1      | Reached ** piety under Trog
   912 | D:2      | Reached XP level 3. HP: 19/19 MP: 4/4
  1300 | D:2      | Reached XP level 4. HP: 16/23 MP: 5/5
  1438 | D:2      | Found a sparkling altar of Nemelex Xobeh.
  1438 | D:2      | Found a transporter.
  1637 | D:3      | Noticed an ogre
  1676 | D:3      | Killed an ogre
  1676 | D:3      | Reached skill level 5 in Short Blades
  1676 | D:3      | Reached skill level 1 in Throwing
  1676 | D:3      | Reached skill level 5 in Stealth
  1676 | D:3      | Reached XP level 5. HP: 26/27 MP: 6/6
  1906 | D:3      | Reached *** piety under Trog
  2397 | D:3      | Reached XP level 6. HP: 23/32 MP: 7/7
  2939 | D:4      | Noticed Sigmund
  2960 | D:4      | Killed Sigmund
  2960 | D:4      | Reached XP level 7. HP: 35/35 MP: 8/8
  3008 | D:4      | Found a burning altar of Makhleb.
  3008 | D:4      | Noticed a green death
  3792 | D:5      | Entered Level 5 of the Dungeon
  3796 | D:5      | Found Cyazomo's Armour Shop.
  3796 | D:5      | Noticed Grinder
  4028 | D:5      | Killed Grinder
  4028 | D:5      | Reached skill level 5 in Throwing
  4028 | D:5      | Reached XP level 8. HP: 27/39 MP: 9/9
  4579 | D:5      | Found a stormy altar of Qazlal.
  4797 | D:6      | Received a gift from Trog
  4875 | D:6      | Reached **** piety under Trog
  4941 | D:6      | Noticed whitenoisemaker's ghost (amateur DrCj)
  5172 | D:6      | Found a staircase to the Ecumenical Temple.
  6664 | D:6      | Killed whitenoisemaker's ghost
  6664 | D:6      | Reached XP level 9. HP: 37/43 MP: 5/10
  6762 | D:6      | Reached skill level 1 in Evocations
  6908 | D:6      | Reached skill level 2 in Evocations
  7056 | D:6      | Found Iguts's Gadget Emporium.
  7107 | D:6      | Reached skill level 1 in Shields
  7107 | D:6      | Reached skill level 3 in Evocations
  7140 | D:6      | Reached skill level 4 in Evocations
  7190 | D:6      | Reached skill level 5 in Evocations
  7244 | D:6      | Reached skill level 6 in Evocations
  7253 | D:6      | Found an iron altar of Okawaru.
  7584 | D:7      | Reached skill level 7 in Evocations
  7770 | D:7      | Received a gift from Trog
  7930 | D:7      | Noticed Dowan
  7931 | D:7      | Noticed Duvessa
  7949 | D:6      | Killed Dowan
  7951 | D:6      | Killed Duvessa
  8009 | D:7      | Reached skill level 8 in Evocations
  8128 | D:7      | Reached ***** piety under Trog
  8225 | D:7      | You fall through a shaft for 2 floors!
  8279 | D:9      | Reached XP level 10. HP: 24/47 MP: 9/17
  8300 | D:9      | Noticed a two-headed ogre
  8309 | D:9      | Found a staircase to the Lair.
  8348 | D:8      | Reached skill level 9 in Evocations
  8610 | D:7      | Noticed Joseph
  8711 | D:7      | Killed Joseph
  9006 | D:8      | Identified a scroll of acquirement {!r}
  9083 | D:8      | Found Kaetoepn's Antique Armour Shop.
  9139 | D:8      | Reached skill level 5 in Shields
  9470 | D:8      | You fall through a shaft for 3 floors!
  9474 | D:10     | Entered Level 10 of the Dungeon
  9502 | D:10     | Noticed a two-headed ogre
  9558 | D:10     | Killed a two-headed ogre
 10507 | D:10     | Reached XP level 11. HP: 51/51 MP: 18/18
 10538 | D:10     | You fall through a shaft for 2 floors!
 10578 | D:12     | Reached skill level 5 in Dodging
 10648 | D:12     | Received a gift from Trog
 11068 | D:12     | Noticed a two-headed ogre
 11110 | D:12     | Killed a two-headed ogre
 11152 | D:12     | Noticed a brown ugly thing
 11280 | D:12     | You fall through a shaft!
 11285 | D:13     | Noticed an ogre mage
 11323 | D:13     | Noticed Nessos
 11802 | D:13     | Killed Nessos
 11864 | D:13     | Killed an ogre mage
 11864 | D:13     | Reached skill level 10 in Evocations
 11878 | D:13     | Noticed a deep elf archer
 11879 | D:13     | Noticed a deep elf mage
 11879 | D:13     | Noticed a deep elf death mage
 11901 | D:13     | Killed a deep elf archer
 11904 | D:13     | Killed a deep elf death mage
 12165 | D:12     | Reached skill level 5 in Fighting
 12438 | D:11     | Noticed a two-headed ogre
 12478 | D:11     | Killed a two-headed ogre
 12829 | D:9      | Killed a two-headed ogre
 13008 | D:9      | Received a gift from Trog
 13096 | D:9      | Noticed a two-headed ogre
 13096 | D:9      | Noticed a two-headed ogre
 13106 | D:9      | Killed a two-headed ogre
 13106 | D:9      | Reached XP level 12. HP: 38/61 MP: 15/21
 13161 | D:9      | Killed a two-headed ogre
 13503 | D:8      | Found a shattered altar of Ashenzari.
 13506 | D:8      | Found a hide-covered altar of Uskayaw.
 13544 | D:8      | Noticed Curus's ghost (novice TrBe)
 13652 | D:8      | Killed Curus's ghost
 13652 | D:8      | Reached skill level 11 in Evocations
 15119 | D:11     | Found a staircase to the Orcish Mines.
 15168 | D:11     | Reached skill level 10 in Throwing
 15847 | Orc:1    | Entered Level 1 of the Orcish Mines
 16090 | Orc:1    | Received a gift from Trog
 16181 | Orc:1    | Found a roughly hewn altar of Beogh.
 16270 | Orc:1    | Found a roughly hewn altar of Beogh.
 16647 | Orc:2    | Entered Level 2 of the Orcish Mines
 16894 | Orc:2    | Reached skill level 10 in Dodging
 17080 | Orc:2    | Noticed an orc high priest
 17094 | Orc:2    | Killed an orc high priest
 17094 | Orc:2    | Received a gift from Trog
 17180 | Orc:2    | Noticed Nib's ghost (journeyman OpAs)
 17215 | Orc:2    | Found a roughly hewn altar of Beogh.
 17450 | Orc:2    | Found a staircase to the Elven Halls.
 17895 | Orc:2    | Killed Nib's ghost
 17895 | Orc:2    | Reached skill level 12 in Evocations
 18090 | Orc:2    | Received a gift from Trog
 18135 | Orc:2    | Found a roughly hewn altar of Beogh.
 18138 | Orc:2    | Found Leityciw's Antique Armour Shoppe.
 18370 | Orc:2    | Noticed an orc warlord
 18500 | Orc:2    | Mangled by an orc warlord

Vault maps used:
D:1:      scummos_arrival_hexagon, columned_hall_lemuel, minmay_pentomino_s4
D:2:      first_ration, grunt_ministairs_5, fountainhead,
          grunt_nemelex_the_gamble
D:4:      makhleb_altar_promises_db, uniq_sigmund
D:5:      kennysheep_little_box, serial_shops, shop_fountains, minivault_11,
          uniq_grinder
D:6:      minmay_temple_entry_grid, serial_shops,
          nicolae_shop_temple_entry_statues_fountains,
          kennysheep_okawaru_gauntlet
D:7:      uniq_duvessa, uniq_joseph
D:8:      minitemple, serial_shops, shop
D:9:      lair_entry_dummy, grunt_ministairs_14
D:11:     minmay_orc_entry_guard_dogs
D:13:     hangedman_vaults_entry_quadrant_bands, uniq_nessos
Orc:1:    nicolae_orc_accident_1, nicolae_orc_bridge_out,
          hangedman_feature_mirror
Orc:2:    grunt_orc_community_town_hall, grunt_orc_community_big_house_2,
          grunt_orc_community_big_house_1, grunt_orc_community_house_3,
          grunt_orc_community_house_3, grunt_orc_community_house_1,
          grunt_orc_community_house_3, grunt_orc_community_house_1,
          grunt_orc_community_house_2

Skill      XL: |  1  2  3  4  5  6  7  8  9 10 11 12 |
---------------+-------------------------------------+-----
Stealth        | 2 3 4 5 6 7 8 |  8.0
Short Blades   | 4 5 6 7 8 |  8.0
Throwing       | 1 2 3 5 8 9 10 | 10.4
Evocations     | 8 9 10 12 | 12.1
Shields        | 3 7 |  7.5
Fighting       | 6 8 |  8.3
Dodging        | 8 10 | 10.4

Action                   |  1- 3 |  4- 6 |  7- 9 | 10-12 || total
-------------------------+-------+-------+-------+-------++-------
Melee: Short sword       |    53 |       |   315 |   756 ||  1124
       Dagger            |       |    12 |    39 |   132 ||   183
 Fire: Hunting sling     |    71 |   179 |   425 |   628 ||  1303
Throw: Tomahawk          |       |       |    14 |     6 ||    20
       Stone             |       |       |     3 |    22 ||    25
Invok: Berserk           |       |     2 |     1 |     3 ||     6
       Trog's Hand       |       |       |     2 |       ||     2
       Brothers in Arms  |       |       |       |     1 ||     1
Evoke: Wand              |       |       |     1 |    84 ||    85
  Use: Scroll            |       |       |    15 |    12 ||    27
       Potion            |       |       |       |     2 ||     2
 Stab: Sleeping          |     3 |       |     1 |    18 ||    22
       Distracted        |       |       |     1 |     4 ||     5
  Eat: Ration            |       |       |     5 |     7 ||    12
Armor: Animal skin       |     4 |     6 |    22 |       ||    32
       Robe              |       |       |     2 |    39 ||    41
       Troll leather arm |       |       |       |     3 ||     3
Dodge: Dodged            |    71 |    74 |   289 |   515 ||   949
Block: Buckler           |     3 |    18 |    87 |   288 ||   396

Table legend:
 A = Spawn XP
 B = Non-spawn XP
 C = Spawn XP percentage of total XP
 D = Spawn monster count
 E = Non-spawn monster count
 F = Spawn count percentage of total count
 G = Total turns spent on level
                    A         B        C        D         E        F      G
               +---------+---------+-------+---------+---------+-------+---------
         Total |       0 |   37760 |   0.0 |       0 |     430 |   0.0 | 18500
               +---------+---------+-------+---------+---------+-------+---------
           D:1 |       0 |      38 |   0.0 |       0 |      23 |   0.0 |   911
           D:2 |       0 |      71 |   0.0 |       0 |      19 |   0.0 |   644
           D:3 |       0 |     297 |   0.0 |       0 |      31 |   0.0 |  1163
           D:4 |       0 |     715 |   0.0 |       0 |      13 |   0.0 |  1196
           D:5 |       0 |     490 |   0.0 |       0 |      16 |   0.0 |  1356
           D:6 |       0 |    3023 |   0.0 |       0 |      64 |   0.0 |  2189
           D:7 |       0 |    1515 |   0.0 |       0 |      32 |   0.0 |  1400
           D:8 |       0 |    2795 |   0.0 |       0 |      28 |   0.0 |  1089
           D:9 |       0 |    6774 |   0.0 |       0 |      49 |   0.0 |  1244
          D:10 |       0 |    3862 |   0.0 |       0 |      18 |   0.0 |  1625
          D:11 |       0 |    4544 |   0.0 |       0 |      21 |   0.0 |  1319
          D:12 |       0 |    1922 |   0.0 |       0 |      19 |   0.0 |   892
          D:13 |       0 |    3898 |   0.0 |       0 |       8 |   0.0 |   819
         Orc:1 |       0 |    2164 |   0.0 |       0 |      24 |   0.0 |  1067
         Orc:2 |       0 |    5652 |   0.0 |       0 |      65 |   0.0 |  1586
               +---------+---------+-------+---------+---------+-------+---------
